 Dungeon Crawl Stone Soup version 0.27.1-1-g398f81649c (webtiles) character file.

Game seed: 1692952983688352313

2104 Destapler the Ducker (level 9, 0/65 HPs)
             Began as a Djinni Hedge Wizard on Sept 8, 2021.
             Was a Believer of Cheibriados.
             Slain by a troll (15 damage)
             ... on level 8 of the Dungeon.
             The game lasted 00:39:15 (9910 turns).

Destapler the Ducker (Djinni Hedge Wizard)          Turns: 9910, Time: 00:39:16

Health: 0/65       AC:  3    Str: 14    XL:     9   Next: 53%
Gold:   373        EV: 19    Int: 20    God:    Cheibriados [**....] SH:  7 Dex: 29

rFire    + + .     SeeInvis +   y - +4 trident of Fundamental Breach {freeze, rElec rCorr Dex+7}
rCold    x . .     Faith    +   q - +0 buckler
rNeg     . . .     Spirit   .   b - +0 robe
rPois    ∞         Reflect  .   c - +0 hat
rElec    +         Harm     .   (no cloak)
rCorr    +         Rampage  .   g - +0 pair of gloves
Will     .....                  (boots unavailable)
Stlth    +++.......             r - amulet of faith
HPRegen  0.20/turn              G - ring of see invisible
MPRegen  0.00/turn              (no ring)

@: flying, very slow
A: sickness immunity, fire resistance 2, cold vulnerability 1, float, innate
caster, hp casting, extra vitality 1
a: Renounce Religion, Bend Time


You were on level 8 of the Dungeon.
You worshipped Cheibriados.
Cheibriados was pleased with you.
You visited 2 branches of the dungeon, and saw 9 of its levels.

You collected 373 gold pieces.

Inventory:

Hand Weapons
 a - a +0 dagger
 y - the +4 trident of Fundamental Breach (weapon) {freeze, rElec rCorr Dex+7}
   (You found it on level 5 of the Dungeon)

   It freezes those it strikes, dealing additional cold damage.
   It can also slow down cold-blooded creatures.
   Dex:       It affects your dexterity (+7).
   rElec:     It insulates you from electricity.
   rCorr:     It protects you from acid and corrosion.
 A - a +2 dagger of venom
 J - a +2 vampiric dagger
Missiles
 h - 49 poisoned darts
 x - 3 boomerangs
 F - 14 curare-tipped darts
Armour
 b - a +0 robe (worn)
 c - a +0 hat (worn)
 g - a +0 pair of gloves (worn)
 q - a +0 buckler (worn)
 w - the +1 ring mail of the Heavens {rElec rC+ Slay-4 SInv}
   (You found it on level 4 of the Dungeon)

   Slay:      It affects your accuracy & damage with ranged weapons and melee
   (-4).
   rC:        It protects you from cold.
   rElec:     It insulates you from electricity.
   SInv:      It lets you see invisible.
Jewellery
 m - an amulet of the acrobat
 r - an amulet of faith (around neck)
 G - a ring of see invisible (left hand)
Wands
 v - a wand of digging (4)
 H - a wand of charming (9)
 I - a wand of flame (17)
Scrolls
 d - a scroll of noise {unknown}
 e - 2 scrolls of immolation {unknown}
 f - a scroll of brand weapon {unknown}
 i - 3 scrolls of teleportation
 k - 3 scrolls of magic mapping {unknown}
 l - 5 scrolls of identify
 n - a scroll of silence {unknown}
 o - 4 scrolls of enchant weapon {unknown}
 s - 2 scrolls of amnesia {unknown}
 t - 2 scrolls of blinking {unknown}
 E - a scroll of acquirement {unknown}
Potions
 j - a potion of magic {unknown}
 p - a potion of berserk rage {unknown}
 u - a potion of invisibility {unknown}
 z - a potion of ambrosia {unknown}
 C - 3 potions of might {unknown}
 D - 2 potions of curing {unknown}


   Skills:
 + Level 5.0 Fighting
 - Level 0.7 Short Blades
 + Level 3.7 Polearms
 + Level 6.6 Dodging
 - Level 2.0 Stealth
 - Level 4.0 Shields
 + Level 5.3 Spellcasting


You couldn't memorise any spells.
You knew the following spells:

 Your Spells              Type           Power      Damage    Failure   Level
a - Magic Dart            Conj           100%       1d8       1%          1
b - Sting                 Tmut/Pois      100%       1d8       1%          1
c - Call Imp              Summ           26%        N/A       1%          2
d - Slow                  Hex            26%        N/A       1%          2
e - Conjure Flame         Conj/Fire      26%        6-21      3%          3
f - Mephitic Cloud        Conj/Pois/Air  26%        N/A       3%          3
g - Corpse Rot            Necr/Air       N/A        N/A       1%          2
h - Tukima's Dance        Hex            26%        N/A       3%          3
i - Summon Ice Beast      Ice/Summ       26%        N/A       13%         4
B - Blink                 Tloc           N/A        N/A       1%          2
Your spell library was empty.

Dungeon Overview and Level Annotations

Branches:
Dungeon (8/15)             Temple (1/1) D:5
   Lair: D:8-11

Altars:
Ashenzari
Cheibriados
Dithmenos
Elyvilon
Fedhas
Gozag
Hepliaklqana
Kikubaaqudgha
Makhleb
Nemelex Xobeh
Okawaru
Qazlal
Ru
Sif Muna
Trog
Uskayaw
Vehumet
Wu Jian
Xom
Yredelemnul
Zin
The Shining One

Shops:
D:1 [   D:2 (   D:7 *


Innate Abilities, Weirdness & Mutations

You are immune to sickness and miasma.
You are immune to poison.
Your flesh is very heat resistant. (rF++)
You are vulnerable to cold. (rC-)
You float through the air rather than walking.
You learn spells naturally, not from books.
Your magical power is your life essence.
You have superior vitality. (+4 HP)


Message History

Okay, then.
You feel much better. The wolf barely misses you.
Okay, then.
The flow of time bends around you.
Cheibriados rebukes the hound.
The hound seems to slow down.
The wolf resists with some effort.
Cheibriados lowers the support of your attributes as your movement quickens.
The wolf barely misses you. The hound closely misses you. The wolf misses you.
You miss the wolf.
The wolf is severely wounded.
The wolf completely misses you. You block the hound's attack.
The wolf barely misses you.
You hit the wolf. You freeze the wolf.
The wolf is almost dead.
The wolf bites you.
* * * LOW HITPOINT WARNING * * *
The hound completely misses you. The wolf misses you.
You puncture the wolf! You freeze the wolf.
You kill the wolf!
Cheibriados thoroughly appreciates the change of pace.
Cheibriados raises the support of your attributes as your movement slows.
The hound barely misses you.
You puncture the hound! You freeze the hound.
The hound is almost dead.
The hound barely misses you. The hound misses you.
You puncture the hound! You freeze the hound.
You kill the hound!
Cheibriados thoroughly appreciates the change of pace.
The hound barely misses you. You block the hound's attack.
You puncture the hound! You freeze the hound.
The hound is almost dead.
The hound bites you but does no damage.
You puncture the hound! You freeze the hound.
You kill the hound!
Cheibriados thoroughly appreciates the change of pace.
Your Fighting skill increases to level 5!
The flow of time bends around you.
Cheibriados rebukes the troll.
The troll seems to slow down.
The troll bites you!
You die...

#.#.h.......##
#.#hT.......#
#.#......)).#
#.#.#....#)##
#.#....#.#)..
#g#.####.#....#
#h#......#......
###T########..≈..≈.
#..†@..........≈≈..
#.....######...≈≈≈≈
#.....# #.....#
#.....# #.....#
#....!# #)....#


You could see a troll (slow), a hound and a gnoll.

Vanquished Creatures
  A steam dragon (D:7)
  An acid dragon (D:8)
  An orc warrior (D:7)
  A hornet zombie (D:7)
  An ice beast (D:5)
  2 wolves (D:8)
  A phantom (D:7)
  Blork the orc (D:6)
  A gnoll sergeant (D:6)
  A kobold brigand (D:7)
  2 scorpions
  A water moccasin zombie (D:5)
  A water moccasin skeleton (D:6)
  3 wights (D:7)
  2 centaur skeletons (D:5)
  An orc priest (D:4)
  A gnoll shaman (D:8)
  4 hounds
  Natasha (twice) (D:3)
  2 iguanas
  5 orc wizards
  4 gnolls
  3 adders
  A shadow imp (D:6)
  3 ufetubi
  A worm (D:3)
  17 orcs
  6 bats
  2 endoplasms (D:1)
  A giant cockroach (D:3)
  6 goblins
  5 hobgoblins
  2 jackals (D:5)
  4 kobolds
  2 quokkas
  7 ball pythons
  3 frilled lizards
  2 rats
104 creatures vanquished.

Vanquished Creatures (collateral kills)
  A water moccasin (D:5)
  A necrophage (D:6)
  A bullfrog (D:8)
  A scorpion (D:4)
  A hound (D:6)
  A centaur skeleton (D:7)
  Jessica (D:2)
  An iguana (D:6)
  Natasha (D:3)
  3 gnolls
  3 orcs
  A goblin (D:1)
  A quokka (D:1)
17 creatures vanquished.

Grand Total: 121 creatures vanquished

Notes
Turn   | Place    | Note
-------+----------+-------------------------------------------
     0 | D:1      | Destapler the Djinni Hedge Wizard began the quest for the
                  | Orb.
     0 | D:1      | Reached XP level 1. HP: 15/15 MP: 0/0
   370 | D:1      | Reached XP level 2. HP: 18/21 MP: 0/0
  1289 | D:1      | Found Ifri's Armour Shoppe.
  1295 | D:1      | Reached XP level 3. HP: 22/26 MP: 0/0
  1295 | D:1      | Learned a level 1 spell: Sting
  1670 | D:2      | Found a hide-covered altar of Uskayaw.
  2045 | D:2      | Noticed Jessica
  2058 | D:2      | Killed Jessica
  2059 | D:2      | Reached XP level 4. HP: 11/31 MP: 0/0
  2395 | D:2      | Found Vutwy's Weapon Boutique.
  2581 | D:3      | Reached skill level 3 in Dodging
  2629 | D:3      | Found a faded altar of an unknown god.
  2941 | D:3      | Reached skill level 1 in Shields
  3243 | D:3      | Noticed a scorpion
  3256 | D:3      | Killed a scorpion
  3257 | D:3      | Reached XP level 5. HP: 26/36 MP: 0/0
  3257 | D:3      | Learned a level 2 spell: Corpse Rot
  3499 | D:3      | Noticed Natasha
  3512 | D:3      | Killed Natasha
  4012 | D:3      | Noticed Natasha
  4029 | D:3      | Killed Natasha
  4030 | D:3      | Reached XP level 6. HP: 20/41 MP: 0/0
  4200 | D:3      | Noticed Natasha
  4208 | D:3      | Killed Natasha
  4307 | D:4      | Reached skill level 1 in Fighting
  4716 | D:4      | Identified the +1 ring mail of the Heavens {rElec rC+
                  | Slay-4 SInv}
  4843 | D:4      | Reached skill level 4 in Dodging
  5166 | D:4      | You are sucked into a shaft and drop 2 floors!
  5328 | D:5      | Entered Level 5 of the Dungeon
  5370 | D:5      | Identified the +4 trident of Fundamental Breach {freeze,
                  | rElec rCorr Dex+7}
  5391 | D:5      | Noticed a water moccasin
  5398 | D:5      | Killed a water moccasin
  5399 | D:5      | Reached XP level 7. HP: 43/49 MP: 0/0
  5399 | D:5      | Learned a level 3 spell: Tukima's Dance
  5569 | D:5      | Found a staircase to the Ecumenical Temple.
  5578 | Temple   | Entered the Ecumenical Temple
  6025 | Temple   | Became a worshipper of Cheibriados the Contemplative
  6054 | D:5      | Reached skill level 1 in Polearms
  6687 | D:5      | Reached XP level 8. HP: 52/55 MP: 0/0
  7218 | D:6      | Reached skill level 5 in Dodging
  7628 | D:6      | Found an ornate altar of the Wu Jian Council.
  7753 | D:6      | Reached * piety under Cheibriados
  7823 | D:6      | Noticed Blork the orc
  7831 | D:6      | Killed Blork the orc
  8846 | D:7      | Found Vozeott's Magic Scroll Emporium.
  8890 | D:7      | Reached XP level 9. HP: 57/62 MP: 0/0
  8890 | D:7      | Learned a level 4 spell: Summon Ice Beast
  9269 | D:7      | Found Xaroga Kotoc's General Store.
  9376 | D:7      | Reached skill level 6 in Dodging
  9584 | D:7      | Reached skill level 5 in Spellcasting
  9682 | D:8      | Reached ** piety under Cheibriados
  9854 | D:8      | Noticed a troll
  9898 | D:8      | HP: 2/64 [wolf (4)]
  9910 | D:8      | Reached skill level 5 in Fighting
  9910 | D:8      | Slain by a troll

Illustrated notes

Levels and vault maps discovered:
D:1:      dpeg_arrival_water_temple_mockup, layout_basic, serial_shops,
          nicolae_shop_statue_plus
D:2:      layout_basic, basic_altar, serial_shops, shop, uniq_jessica
D:3:      layout_loops_corners, basic_ecumenical_altar, uniq_natasha
D:4:      layout_cave_pools
D:5:      layout_rooms, minmay_temple_entry_ruins, serial_curves,
          eino_curves_04, eino_curves_04, hangedman_decor_growths,
          minmay_misc_feat_ornament
D:6:      layout_basic, nicolae_wu_jian_immortal_techniques, uniq_blork_the_orc
D:7:      layout_basic, serial_shops, shop, kennysheep_windowed_goal
D:8:      minmay_statue_hallways, layout_basic, erik_lair_island
Temple:   roderic_octagonal_lattice_temple

Skill      XL: |  1  2  3  4  5  6  7  8  9 |
---------------+----------------------------+-----
Stealth        | 2 |  2.0
Dodging        | 3 4 5 6 |  6.6
Spellcasting   | 3 4 5 |  5.3
Shields        | 1 2 3 4 |  4.0
Fighting       | 2 3 5 |  5.0
Polearms       | 1 2 3 |  3.7
Short Blades   | |  0.7

Action                   |  1- 3 |  4- 6 |  7- 9 || total
-------------------------+-------+-------+-------++-------
Melee: Dagger            |    17 |    31 |       ||    48
       Trident           |       |     6 |   157 ||   163
Throw: Dart              |       |       |     1 ||     1
 Cast: Magic Dart        |    41 |    79 |    45 ||   165
       Call Imp          |     5 |    19 |    43 ||    67
       Sting             |     7 |    41 |    12 ||    60
       Blink             |       |     6 |     7 ||    13
       Slow              |       |     1 |     1 ||     2
       Mephitic Cloud    |       |     1 |     1 ||     2
       Corpse Rot        |       |       |     1 ||     1
       Conjure Flame     |       |       |     2 ||     2
Invok: Bend Time         |       |       |     2 ||     2
  Use: Scroll            |       |       |     2 ||     2
       Potion            |       |       |     2 ||     2
 Stab: Sleeping          |       |     7 |     1 ||     8
       Distracted        |       |     1 |     4 ||     5
       Confused          |       |       |     2 ||     2
Armor: Robe              |     6 |    10 |    16 ||    32
Dodge: Dodged            |    15 |    23 |   122 ||   160
Block: Buckler           |       |     7 |    68 ||    75
